Map: Belladona EE

Players

NightHawk - Winner!

  • Race: Protoss Protoss
  • Spawn Location: 11:00

MrFercho

  • Race: Zerg Zerg
  • Spawn Location: 5:00

VOD

Have the link to the VOD?

Description

Time

  • Played on: April 4, 2020, 9:48 p.m.
  • Length: 12:56
Show
View Real Time Build Order
Export as new Build Order

NightHawk Protoss - Winner!

Build Orders: Carriers 

Get SALT Encoding   

  12  0:02  Probe  
  13  0:14  Probe  
  14  0:22  Pylon  
  14  0:26  Probe  
  15  0:40  Probe (Chrono Boost)  
  16  0:49  Probe (Chrono Boost)  
  17  0:54  Probe  
  18  1:06  Nexus  
  18  1:12  Pylon  
  18  1:13  Probe  
  19  1:25  Probe  
  20  1:29  Forge  
  20  1:33  Pylon  
  20  1:37  Probe  
  21  1:42  Assimilator  
  21  1:48  Assimilator  
  21  1:50  Probe (Chrono Boost)  
  23  2:02  Probe (Chrono Boost)  
  23  2:03  Pylon  
  23  2:13  Photon Cannon  
  23  2:15  Photon Cannon  
  23  2:18  Probe (Chrono Boost)  
  24  2:29  Probe (Chrono Boost)  
  25  2:33  Probe x2 (Chrono Boost)  
  28  2:44  Probe (Chrono Boost)  
  28  2:50  Probe (Chrono Boost)  
  29  2:51  Gateway  
  29  2:52  Probe (Chrono Boost)  
  29  2:56  Probe (Chrono Boost)  
  31  2:59  Pylon, Probe  
  32  3:08  Probe  
  32  3:11  Probe  
  34  3:16  Photon Cannon  
  34  3:20  Photon Cannon  
  34  3:23  Photon Cannon  
  34  3:31  Photon Cannon, Probe  
  35  3:41  Assimilator  
  35  3:43  Assimilator, Probe (Chrono Boost)  
  36  3:54  Probe (Chrono Boost), Cybernetics Core  
  37  3:58  Probe (Chrono Boost)  
  37  3:59  Pylon  
  38  4:03  Pylon  
  38  4:07  Pylon  
  38  4:12  Gateway  
  38  4:22  Probe (Chrono Boost)  
  39  4:25  Probe (Chrono Boost)  
  40  4:35  Probe (Chrono Boost)  
  41  4:40  Probe (Chrono Boost)  
  41  4:43  Stargate  
  41  4:44  Stargate  
  42  4:47  Stargate  
  42  4:49  Stargate  
  42  4:51  Probe  
  43  4:53  Stargate  
  43  4:56  Warp Gate (Chrono Boost)  
  43  5:04  Probe  
  43  5:06  Pylon  
  44  5:10  Pylon  
  44  5:14  Pylon  
  44  5:29  Fleet Beacon  
  44  5:39  Probe  
  44  5:40  Fleet Beacon  
  45  5:49  Photon Cannon  
  45  5:51  Photon Cannon  
  45  5:53  Photon Cannon, Probe (Chrono Boost)  
  45  5:54  Probe (Chrono Boost)  
  49  6:04  Probe x2 (Chrono Boost)  
  49  6:06  Nexus  
  49  6:10  Probe (Chrono Boost)  
  49  6:11  Pylon, Probe (Chrono Boost)  
  51  6:15  Assimilator  
  51  6:17  Assimilator  
  51  6:20  Probe  
  52  6:25  Cybernetics Core  
  52  6:32  Probe (Chrono Boost)  
  53  6:37  Gateway  
  53  6:38  Gateway  
  53  6:44  Probe (Chrono Boost)  
  53  6:45  Probe (Chrono Boost)  
  55  6:53  Probe (Chrono Boost)  
  55  6:54  Probe (Chrono Boost)  
  57  6:58  Carrier (Chrono Boost)  
  57  6:59  Probe x2 (Chrono Boost)  
  71  7:10  Probe  
  71  7:11  Probe  
  71  7:12  Carrier (Chrono Boost)  
  73  7:22  Probe  
  74  7:23  Probe  
  81  7:36  Probe (Chrono Boost)  
  88  7:40  Carrier x2 (Chrono Boost)  
  88  7:43  Probe (Chrono Boost)  
  96  7:52  Probe (Chrono Boost)  
  96  7:53  Probe (Chrono Boost)  
  96  7:58  Probe (Chrono Boost)  
  97  7:59  Probe  
  97  8:00  Carrier (Chrono Boost)  
  97  8:05  Carrier (Chrono Boost)  
  111  8:20  Carrier (Chrono Boost)  
  123  8:38  Carrier x2 (Chrono Boost)  
  123  8:54  Carrier  
  129  9:01  Carrier  
  135  9:16  Carrier  
  141  9:31  Pylon  
  141  9:39  Pylon  
  141  9:42  Pylon  
  141  9:48  Pylon  
  141  9:50  Pylon  
  141  9:53  Carrier  
  141  9:57  Carrier  
  153  10:02  Nexus  
  153  10:03  Pylon  
  153  10:07  Pylon  
  153  10:11  Protoss Air Weapons Level 1 (Chrono Boost)  
  153  10:14  Protoss Air Armor Level 1 (Chrono Boost)  
  153  10:17  Carrier  
  154  11:40  Zealot x3  
  154  11:41  Zealot  
  136  12:06  Zealot x4  
Show
View Real Time Build Order
Export as new Build Order

MrFercho Zerg 

Build Orders: 3 Hatch before Pool 

Get SALT Encoding   

  12  0:03  Drone  
  13  0:13  Overlord  
  13  0:17  Drone  
  14  0:23  Extractor  
  14  0:28  Drone  
  14  0:32  Drone  
  15  0:41  Drone  
  17  0:50  Drone  
  17  1:05  Drone  
  18  1:16  Hatchery  
  17  1:28  Hatchery  
  16  1:46  Extractor  
  15  1:49  Spawning Pool  
  14  1:56  Drone x2  
  14  1:58  Overlord  
  16  2:14  Drone  
  17  2:29  Drone  
  18  2:37  Metabolic Boost  
  18  2:42  Zergling x6  
  21  2:57  Drone x2  
  21  2:58  Drone  
  24  3:07  Drone x2  
  24  3:12  Lair  
  26  3:31  Drone  
  26  3:32  Drone x3  
  30  3:53  Roach Warren  
  29  4:00  Drone x2  
  29  4:01  Drone  
  29  4:02  Evolution Chamber x2  
  27  4:29  Zerg Melee Weapons Level 1  
  27  4:30  Zerg Missile Weapons Level 1  
  27  4:44  Infestation Pit  
  26  4:48  Nydus Network  
  25  4:57  Hatchery  
  24  5:01  Hatchery  
  24  5:05  Pneumatized Carapace  
  24  5:06  Burrow  
  23  5:15  Extractor  
  23  5:18  Extractor  
  21  5:30  Drone x6  
  21  5:33  Drone  
  28  5:55  Hatchery  
  27  6:17  Drone x5  
  27  6:18  Drone x2  
  34  6:24  Zerg Ground Armor Level 1  
  34  6:40  Hive  
  34  6:50  Spire  
  34  6:54  Spire  
  32  7:06  Drone x3  
  35  7:14  Drone  
  36  7:23  Overlord x4  
  36  7:38  Roach x5  
  36  7:39  Zergling x2  
  36  7:40  Zergling x10  
  52  7:56  Queen x2  
  56  8:01  Drone  
  56  8:02  Drone x2  
  59  8:35  Hydralisk Den  
  59  8:40  Ultralisk Cavern  
  57  8:52  Overseer  
  57  9:02  Corruptor  
  59  9:03  Corruptor  
  59  9:05  Corruptor  
  63  9:14  Hydralisk x2  
  63  9:15  Hydralisk  
  63  9:16  Hydralisk x3  
  75  9:26  Zerg Melee Weapons Level 2  
  75  9:48  Drone  
  75  9:49  Drone x7  
  83  10:16  Nydus Canal  
  83  10:26  Drone x2  
  83  10:27  Drone  
  92  10:28  Ultralisk  
  84  10:54  Nydus Canal  
  78  11:01  Corruptor  
  78  11:02  Corruptor x2  
  84  11:04  Overlord x2  
  84  11:05  Overlord x2  
  84  11:41  Corruptor  
  84  11:42  Corruptor x4  
Tags
 
Composition
Carriers
Matchup
PvZ
Replay Pack
MrFercho
Spawn Locations
Cross Positions
Add a new tag
Caveats
  • Supply blocks, unpowered buildings, or Contaminate may cause inaccurate times.
  • Supply counts are checked every 10 seconds.